 Dungeon Crawl Stone Soup version 0.20-a0-1018-ge435b50 (webtiles) character file.

268656 LordEnrai the Tortoise (level 19, -3/214 HPs)
             Began as a Deep Dwarf Berserker on Apr 17, 2017.
             Was a High Priest of Trog.
             Slain by a white very ugly thing (18 damage)
             ... on level 1 of the Vaults on Apr 18, 2017.
             The game lasted 02:56:22 (33897 turns).

LordEnrai the Tortoise (Deep Dwarf Berserker)      Turns: 33897, Time: 02:56:22

Health: -3/214     AC: 29    Str: 35    XL:     19   Next: 76%
Magic:  1/1        EV: 24    Int: 16    God:    Trog [*****.]
Gold:   2519       SH:  0    Dex: 12    Spells: 18/18 levels left

rFire    + + .     SeeInvis .   b - +10 broad axe "Qosch" {venom, Str+2}
rCold    . . .     Gourm    .   (no shield)
rNeg     + . .     Faith    .   J - +4 fire dragon scales
rPois    .         Spirit   .   P - +1 helmet {Int+3}
rElec    .         Reflect  .   x - scarf {repulsion}
rCorr    .         Harm     .   M - +2 pair of gloves {Str+3}
MR       +++..     Clarity  +   e - +2 pair of boots
Stlth    ..........             (no amulet)
Regen    0.0/turn               l - +4 ring of evasion
MPRegen  0.1/turn               U - ring "Caeg" {*Slow MR+ Int+4 Slay+3}

@: non-regenerating, studying Fighting, repel missiles
A: damage resistance, heal wounds, fangs 1, clarity, cold resistance 1, negative
energy resistance 1, sense surroundings 3, robust 1, strong 1, evolution 1, no
regeneration
}: 1/15 runes: serpentine
a: Heal Wounds, Berserk, Trog's Hand, Brothers in Arms, Burn Spellbooks,
Renounce Religion


You were on level 1 of the Vaults.
You worshipped Trog.
Trog was extremely pleased with you.
You were not hungry.

You visited 6 branches of the dungeon, and saw 31 of its levels.
You also visited: Ice Cave.

You collected 3774 gold pieces.
You spent 1255 gold pieces at shops.

Inventory:

Hand Weapons
 a - a +3 hand axe of freezing
 b - the +10 broad axe "Qosch" (weapon) {venom, Str+2}
   (You acquired it on level 8 of the Dungeon)

   It poisons the flesh of those it strikes.
   It affects your strength (+2).
Missiles
 g - 15 javelins (quivered)
Armour
 e - a +2 pair of boots (worn)
 r - the +1 plate armour of the Tormentor {rElec rN++ Int-2 Stlth+}
   (You found it on level 10 of the Dungeon)

   It affects your intelligence (-2).
   It insulates you from electricity.
   It greatly protects you from negative energy.
   It makes you more stealthy.
 x - a scarf of repulsion (worn)
 J - +4 fire dragon scales (worn)
 M - a +2 pair of gloves of strength (worn)
 P - a +1 helmet of intelligence (worn)
Jewellery
 j - an uncursed amulet of harm
 l - a +4 ring of evasion (left hand)
 y - the ring of the Augurer {rPois Str+2 Int+2 SInv, unknown}
   (You found it on level 3 of the Elven Halls)

   [ring of see invisible]

   It affects your strength (+2).
   It affects your intelligence (+2).
   It protects you from poison.
   It lets you see invisible.
 L - an uncursed ring of stealth
 N - an uncursed ring of resist corrosion
 U - the ring "Caeg" (right hand) {*Slow MR+ Int+4 Slay+3}
   (You bought it in a shop on level 2 of the Snake Pit)

   [ring of protection from magic]

   It affects your intelligence (+4).
   It affects your accuracy and damage with ranged weapons and melee attacks
   (+3).
   It affects your resistance to hostile enchantments.
   It may slow you when you take damage.
Wands
 n - a wand of paralysis (17/24)
 u - a wand of polymorph (17/24)
 v - a wand of lightning (5/15)
 D - a wand of disintegration (24/24)
 S - a wand of scattershot (3/9)
Scrolls
 h - 11 scrolls of remove curse
 q - 2 scrolls of blinking
 w - 3 scrolls of fear
 A - 2 scrolls of enchant weapon
 C - 2 scrolls of fog
 F - 4 scrolls of identify
 O - 4 scrolls of magic mapping
 T - 2 scrolls of silence
 X - 2 scrolls of teleportation
Potions
 d - 9 potions of curing
 m - 5 potions of flight
 o - 3 potions of resistance
 p - 2 potions of agility
 t - 3 potions of heal wounds
 B - 3 potions of ambrosia
 E - 2 potions of might
 G - a potion of magic
 I - 2 potions of cancellation
 K - a potion of brilliance
Books
 k - a manual of Fighting
Miscellaneous
 z - a phial of floods
 H - a fan of gales
 Q - a phantom mirror
 V - a lamp of fire
 W - a sack of spiders
Comestibles
 c - 5 bread rations
 f - 5 royal jellies
 i - 30 fruits
 s - 10 meat rations


   Skills:
 + Level 18.0 Fighting
 - Level 18.0 Axes
 - Level 0.6 Throwing
 * Level 19.0 Armour
 - Level 17.3 Dodging
 - Level 0.5 Unarmed Combat
 - Level 12.3 Evocations


You had 18 spell levels left.
You didn't know any spells.

Dungeon Overview and Level Annotations

Branches:
Dungeon (15/15)            Temple (0/1) D:4            Lair (6/6) D:9
 Shoals (0/4) Lair:4        Snake (4/4) Lair:2        Slime (0/5) Lair:6
    Orc (2/2) D:12            Elf (3/3) Orc:2        Vaults (1/5) D:13
 Depths (0/5) D:15

Altars:
Cheibriados
Fedhas
Gozag
Nemelex Xobeh
Sif Muna
Wu Jian
Xom
Yredelemnul
Beogh

Shops:
D:5 =   D:6 [   D:7 *[}!   D:11 !   D:13 (   Orc:2 (=:}   Elf:1 (   Snake:2 }=}

Annotations:
Elf:2 2 runed doors


Innate Abilities, Weirdness & Mutations

You are resistant to damage.
You can heal yourself by infusing magical energy.
You resist negative energy. (rN+)
You passively map a large area around you.
You do not regenerate.
You have very sharp teeth.
You possess an exceptional clarity of mind.
Your flesh is cold resistant. (rC+)
You are robust. (+10% HP)
Your muscles are strong. (Str +2)
You evolve.


Message History

The white very ugly thing bites you! The white very ugly thing freezes you!!
* * * LOW HITPOINT WARNING * * *
A white very ugly thing comes into view.
You see here 18 gold pieces.
You feel much better. The white very ugly thing misses you.
You completely miss the white very ugly thing.
The white very ugly thing is almost dead.
You slice the white very ugly thing!! The white very ugly thing bites you!
* * * LOW HITPOINT WARNING * * *
The white very ugly thing freezes you!!!
* * * LOW HITPOINT WARNING * * *
You chop the white very ugly thing into pieces!!!
You kill the white very ugly thing!
Trog accepts your kill.
You completely miss the white very ugly thing.
The white very ugly thing closely misses you.
You fail to use your ability.
The white very ugly thing engulfs you!
* * * LOW HITPOINT WARNING * * *
The white very ugly thing freezes you!!
You die...

#...........# #........
#...........# #........
########...........#
#..[.....
.......#...........#
#........
.......'...........#
#........
.......######'######
############ .......#
#...........# .......#
#.#########.# .......#
#.# #@u.).).#
###'########.#,#u#####.#
#.#.#.#.#.##.# #....[#.#
########
..........[[.#+#...#'#.#
#.......
..........[#.#?....# #.#
#.......
...........#.#####.# #.#
#....... #.#.#.#.#.##.#
+(# #.# #.......
############.#########.#
#....... #...........#
#.......


You could see 2 very ugly things.

Vanquished Creatures
  Nikola (Snake:2)
  The ghost of lordive the Executioner, an adept MiGl of Okawaru (Elf:3)
  6 deep elf blademasters (Elf:3)
  4 deep elf master archers (Elf:3)
  Kirke (D:13)
  A thorn hunter (Lair:6)
  Roxanne (Elf:2)
  10 nagarajas
  4 vault wardens (Vaults:1)
  3 deep elf sorcerers (Elf:3)
  An orc warlord (Orc:1)
  An ironheart preserver (Vaults:1)
  A reaper (IceCv)
  A very ugly thing (Vaults:1)
  A stone giant (Orc:2)
  Nessos (D:15)
  An entropy weaver (Lair:5)
  A deep elf demonologist (Elf:2)
  3 deep elf annihilators (Elf:3)
  7 deep elf death magi
  Snorg (Orc:1)
  2 vault guards
  2 yaktaur captains (Vaults:1)
  A fire dragon (D:15)
  A deep elf high priest (Elf:3)
  2 ice dragons (Vaults:1)
  Erolcha (D:13)
  A rakshasa (Vaults:1)
  18 naga warriors
  Fannar (D:10)
  2 hydras
  A merfolk avatar (Lair:6)
  A death knight (D:13)
  15 anacondas
  21 dancing weapons
  3 centaur warriors
  2 ogre magi
  12 two-headed ogres
  A queen ant (Lair:5)
  4 orc high priests (Orc:2)
  A deep troll earth mage (Vaults:1)
  2 tengu warriors (D:15)
  8 death yaks (Lair:4)
  12 naga sharpshooters
  23 deep elf knights
  4 shock serpents
  The ghost of lordive the Cleaver, a novice MiGl of Okawaru (D:8)
  4 salamander mystics
  2 deep trolls (Vaults:1)
  3 unseen horrors
  5 shambling mangroves
  7 sea snakes
  2 wizards
  21 deep elf archers
  4 ironbrand convokers (Vaults:1)
  9 naga ritualists
  10 ugly things
  A harpy (Lair:6)
  10 mana vipers
  A wolf spider (Vaults:1)
  8 orc knights
  50 deep elf magi
  A cyclops (D:14)
  8 elephants
  3 orc sorcerers
  13 salamanders
  2 merfolk sirens (Lair:4)
  A manticore (Lair:6)
  A centaur zombie (D:14)
  7 vault sentinels (Vaults:1)
  Maurice (Orc:2)
  48 black mambas
  8 guardian serpents
  2 ice statues (IceCv)
  4 gargoyles
  A kobold demonologist (D:11)
  22 naga magi
  14 spiny frogs
  4 rime drakes (Lair:6)
  5 freezing wraiths
  15 yaktaurs (Vaults:1)
  9 komodo dragons
  8 ice devils (IceCv)
  6 trolls
  2 merfolk (Lair:4)
  6 polar bears
  16 hornets
  Prince Ribbit (D:9)
  A harpy skeleton (D:15)
  Grinder (D:3)
  19 blink frogs
  2 wandering mushrooms
  5 hippogriffs
  5 dream sheep (Lair:5)
  4 air elementals
  A centaur simulacrum (D:14)
  6 wyverns
  A shadow (D:13)
  A water elemental (Elf:3)
  50 yaks
  5 wraiths
  A basilisk (shapeshifter) (Vaults:1)
  A basilisk (Lair:6)
  A fire elemental (Elf:1)
  6 hungry ghosts
  3 vampire mosquitoes (D:12)
  A warg (Orc:2)
  A soldier ant (shapeshifter) (Vaults:1)
  47 nagas
  7 soldier ants (Lair:5)
  Duvessa (D:4)
  4 acid dragons
  17 water moccasins
  7 porcupines
  3 sky beasts
  41 orc warriors
  An ice beast (D:14)
  2 phantoms
  3 black bears
  2 eyes of draining
  11 ogres
  6 wolves (Lair:6)
  9 centaurs
  2 necrophages (D:8)
  9 crocodiles
  4 big kobolds
  Blork the orc (D:6)
  5 earth elementals
  20 bullfrogs
  Dowan (D:4)
  A scorpion (D:13)
  6 killer bees (D:11)
  6 howler monkeys
  11 wights
  An electric eel (Snake:4)
  A bullfrog zombie (D:12)
  10 crimson imps
  2 jellies
  A gnoll shaman (D:8)
  10 hounds
  Crazy Yiuf (D:6)
  3 centaur skeletons
  31 orc priests
  29 orc wizards
  4 bullfrog skeletons
  5 iguanas
  Natasha (thrice) (D:3)
  An iguana (shapeshifter) (Elf:3)
  25 worker ants
  A howler monkey zombie (D:9)
  3 worker ant zombies
  Robin (D:3)
  15 gnolls
  12 adders
  24 white imps
  4 ufetubi (IceCv)
  2 oozes
  An adder skeleton (D:5)
  An adder zombie (D:7)
  5 worms
  The ghost of shaftrobin the Shield-Bearer, a weakling FoFi (D:15)
  2 dart slugs (D:1)
  7 leopard geckos
  100 orcs
  7 giant cockroaches
  16 goblins
  11 hobgoblins
  20 jackals
  2 quokkas
  10 bats
  3 frilled lizards
  17 kobolds
  A leopard gecko skeleton (D:8)
  7 rats
  6 briar patches (Lair:6)
  5 fungi
  5 plants
1296 creatures vanquished.

Vanquished Creatures (collateral kills)
  An entropy weaver (Lair:5)
  A naga warrior (Snake:4)
  A dancing weapon (Elf:2)
  A deep elf mage (Elf:2)
  A naga mage (Snake:4)
  A soldier ant (Lair:5)
6 creatures vanquished.

Vanquished Creatures (others)
  A naga mage (Snake:4)
  A human (D:13)
  3 ufetubi (IceCv)
  A bush (Lair:6)
  5 fungi
  27 plants
38 creatures vanquished.

Grand Total: 1340 creatures vanquished

Notes
Turn   | Place    | Note
-------+----------+-------------------------------------------
     0 | D:1      | LordEnrai the Deep Dwarf Berserker began the quest for the Orb.
     0 | D:1      | Reached XP level 1. HP: 20/20 MP: 1/1
     1 | D:1      | Noticed an electric eel
   175 | D:1      | Reached XP level 2. HP: 25/28 MP: 2/2
   544 | D:1      | Reached ** piety under Trog
   701 | D:1      | Reached XP level 3. HP: 23/34 MP: 3/3
   921 | D:2      | Reached XP level 4. HP: 15/42 MP: 4/4
  1203 | D:2      | Reached skill level 5 in Axes
  1483 | D:3      | Noticed Grinder
  1484 | D:3      | Paralysed by Grinder for 5 turns
  1520 | D:3      | Killed Grinder
  1520 | D:3      | Reached XP level 5. HP: 46/50 MP: 5/5
  1520 | D:3      | Reached XP level 6. HP: 52/57 MP: 6/6
  1711 | D:3      | Noticed Natasha
  1723 | D:3      | Killed Natasha
  1871 | D:3      | Gained mutation: You are agile. (Dex +2) [potion of mutation]
  1871 | D:3      | Gained mutation: Your body sometimes deteriorates upon taking damage. [potion of mutation]
  1871 | D:3      | Gained mutation: You have a pair of small antennae on your head. [potion of mutation]
  1943 | D:3      | Noticed Natasha
  1947 | D:3      | Killed Natasha
  1959 | D:3      | Noticed Natasha
  1970 | D:3      | Noticed Robin
  1982 | D:3      | Killed Robin
  1982 | D:3      | Reached *** piety under Trog
  1996 | D:3      | Killed Natasha
  2035 | D:3      | Reached XP level 7. HP: 37/66 MP: 7/7
  2576 | D:4      | Noticed Duvessa
  2576 | D:4      | Noticed Dowan
  2608 | D:4      | Killed Duvessa
  2616 | D:4      | Killed Dowan
  2616 | D:4      | Reached skill level 5 in Fighting
  2734 | D:4      | Found a sparkling altar of Nemelex Xobeh.
  2980 | D:4      | Found a staircase to the Ecumenical Temple.
  3018 | D:4      | Found a basalt altar of Yredelemnul.
  3894 | D:5      | Entered Level 5 of the Dungeon
  3894 | D:5      | Found a deep blue altar of Sif Muna.
  3901 | D:5      | Found Hunual's Jewellery Shop.
  4176 | D:5      | Reached XP level 8. HP: 44/76 MP: 8/8
  4275 | D:5      | Found a blossoming altar of Fedhas.
  4844 | D:6      | Found Woneloto's Armour Shoppe.
  4908 | D:6      | Noticed Blork the orc
  4925 | D:6      | Killed Blork the orc
  5149 | D:6      | Lost mutation: Your body sometimes deteriorates upon taking damage. [potion of mutation]
  5149 | D:6      | Lost mutation: You are agile. (Dex +2) [potion of mutation]
  5149 | D:6      | Lost mutation: You have a pair of small antennae on your head. [potion of mutation]
  5149 | D:6      | Gained mutation: Your flesh is heat resistant. (rF+) [potion of mutation]
  5149 | D:6      | Gained mutation: You can translocate small distances at will. [potion of mutation]
  5235 | D:6      | Found a runed door.
  5239 | D:6      | Noticed Crazy Yiuf
  5244 | D:6      | Killed Crazy Yiuf
  5410 | D:7      | Found Vako Oggodu's Antique Armour Emporium.
  5421 | D:7      | Found Kaluppes's Assorted Antiques.
  5451 | D:7      | Reached skill level 10 in Axes
  5663 | D:7      | Gained mutation: You passively map the area around you. [Deep Dwarf growth]
  5663 | D:7      | Reached XP level 9. HP: 59/86 MP: 9/9
  5946 | D:7      | Found Unleijups's Gadget Shop.
  6062 | D:7      | Found Faim's Distillery.
  6069 | D:7      | Bought a potion of heal wounds for 70 gold pieces
  6173 | D:7      | Reached **** piety under Trog
  6233 | D:7      | Noticed a two-headed ogre
  6240 | D:7      | Killed a two-headed ogre
  6240 | D:7      | Reached skill level 4 in Armour
  6834 | D:8      | Reached skill level 5 in Armour
  6940 | D:8      | Reached XP level 10. HP: 78/99 MP: 8/8
  7156 | D:8      | Noticed lordive's ghost (novice MiGl)
  7175 | D:8      | Killed lordive's ghost
  7385 | D:8      | Identified 3 scrolls of acquirement
  7444 | D:8      | Got a shimmering broad axe
  7446 | D:8      | Identified the +10 broad axe "Qosch" {venom, Str+2} (You acquired it on level 8 of the Dungeon)
  7449 | D:8      | Got a twisted buckler
  7450 | D:8      | Identified the +3 buckler "Woupim" {+Blink Int+7} (You acquired it on level 8 of the Dungeon)
  7620 | D:8      | Found an ornate altar of the Wu Jian Council.
  7626 | D:8      | Found a shimmering altar of Xom.
  7626 | D:8      | Found a deep blue altar of Sif Muna.
  7650 | D:8      | Found an opulent altar of Gozag.
  7654 | D:8      | Found a snail-covered altar of Cheibriados.
  7877 | D:9      | Reached skill level 10 in Fighting
  8202 | D:9      | Noticed Prince Ribbit
  8211 | D:9      | Killed Prince Ribbit
  8211 | D:9      | Reached ***** piety under Trog
  8211 | D:9      | Reached skill level 5 in Dodging
  8237 | D:9      | Found a staircase to the Lair.
  8761 | D:10     | Entered Level 10 of the Dungeon
  8903 | D:10     | Reached skill level 6 in Armour
  9025 | D:10     | Noticed a purple ugly thing
  9033 | D:10     | Killed a purple ugly thing
  9183 | D:10     | Reached XP level 11. HP: 95/110 MP: 6/6
  9184 | D:10     | Noticed Fannar
  9194 | D:10     | Killed Fannar
  9194 | D:10     | Reached skill level 7 in Armour
  9227 | D:10     | Noticed a wizard
  9235 | D:10     | Killed a wizard
  9476 | D:10     | Got a heavily runed plate armour
  9477 | D:10     | Identified the +1 plate armour of the Tormentor {rElec rN++ Int-2 Stlth+} (You found it on level 10 of the Dungeon)
  9553 | D:10     | Received a gift from Trog
  9806 | D:11     | Noticed a purple ugly thing
  9818 | D:11     | Killed a purple ugly thing
  9866 | D:11     | Found Jemu's Distillery.
  9877 | D:11     | Noticed a two-headed ogre
  9884 | D:11     | Killed a two-headed ogre
 10045 | D:11     | Reached skill level 8 in Armour
 10180 | D:11     | Noticed a two-headed ogre
 10183 | D:11     | Noticed a brown ugly thing
 10187 | D:11     | Killed a two-headed ogre
 10197 | D:11     | Killed a brown ugly thing
 10303 | D:11     | Reached skill level 10 in Dodging
 10317 | D:11     | Reached skill level 9 in Armour
 10657 | D:12     | Noticed an orc knight
 10687 | D:12     | Found a roughly hewn altar of Beogh.
 10688 | D:12     | Noticed an orc knight
 10712 | D:12     | Killed an orc knight
 10773 | D:12     | Killed an orc knight
 10832 | D:12     | Found a staircase to the Orcish Mines.
 10882 | D:12     | Noticed a red ugly thing
 10891 | D:12     | Killed a red ugly thing
 11000 | D:12     | Reached XP level 12. HP: 112/117 MP: 7/7
 11004 | D:12     | Reached skill level 10 in Armour
 11519 | D:13     | Noticed Erolcha
 11531 | D:13     | Killed Erolcha
 11543 | D:13     | Noticed Kirke
 11554 | D:13     | Killed Kirke
 11554 | D:13     | Reached skill level 11 in Armour
 11596 | D:13     | Found Wefevick's Antique Weapon Shop.
 11660 | D:13     | Noticed a centaur warrior
 11666 | D:13     | Reached skill level 1 in Evocations
 11671 | D:13     | Killed a centaur warrior
 11795 | D:13     | Noticed a death knight
 11808 | D:13     | Killed a death knight
 11813 | D:13     | Reached skill level 5 in Evocations
 11887 | D:13     | Noticed a two-headed ogre
 11899 | D:13     | Killed a two-headed ogre
 11899 | D:13     | Received a gift from Trog
 11928 | D:13     | Found a gate to the Vaults.
 11928 | D:13     | Noticed a vault guard
 11944 | D:13     | Killed a vault guard
 12120 | D:13     | Noticed a centaur warrior
 12127 | D:13     | Killed a centaur warrior
 12353 | D:14     | Noticed a five-headed hydra
 12358 | D:14     | Killed a five-headed hydra
 12358 | D:14     | Reached XP level 13. HP: 108/127 MP: 11/11
 13077 | D:15     | Entered Level 15 of the Dungeon
 13077 | D:15     | Noticed shaftrobin's ghost (weakling FoFi)
 13080 | D:15     | Killed shaftrobin's ghost
 13221 | D:15     | Found a staircase to the Depths.
 13489 | D:15     | Noticed Nessos
 13505 | D:15     | Killed Nessos
 13730 | D:15     | Noticed a fire dragon
 13739 | D:15     | Killed a fire dragon
 14424 | Lair:1   | Entered Level 1 of the Lair of Beasts
 14582 | Lair:1   | Reached skill level 10 in Evocations
 14770 | Lair:1   | Gained mutation: You resist negative energy. (rN+) [Deep Dwarf growth]
 14770 | Lair:1   | Reached XP level 14. HP: 115/135 MP: 10/10
 15512 | Lair:2   | Reached skill level 15 in Axes
 15890 | Lair:2   | Found a staircase to the Snake Pit.
 16499 | Lair:3   | Received a gift from Trog
 17406 | Lair:4   | Found a frozen archway.
 17440 | IceCv    | Entered an ice cave
 17610 | IceCv    | Noticed a reaper
 17614 | IceCv    | Killed a reaper
 17626 | IceCv    | Lost mutation: You can translocate small distances at will. [potion of mutation]
 17626 | IceCv    | Lost mutation: Your flesh is heat resistant. (rF+) [potion of mutation]
 17626 | IceCv    | Gained mutation: You have sharp fingernails. [potion of mutation]
 17626 | IceCv    | Gained mutation: Your skin changes colour to match your surroundings (Stealth+). [potion of mutation]
 17628 | IceCv    | Lost mutation: You have sharp fingernails. [potion of mutation]
 17628 | IceCv    | Lost mutation: Your skin changes colour to match your surroundings (Stealth+). [potion of mutation]
 17628 | IceCv    | Gained mutation: Your magical capacity is low. (-10% MP) [potion of mutation]
 17628 | IceCv    | Gained mutation: Your mind is acute. (Int +2) [potion of mutation]
 17629 | IceCv    | Lost mutation: Your magical capacity is low. (-10% MP) [potion of mutation]
 17629 | IceCv    | Lost mutation: Your mind is acute. (Int +2) [potion of mutation]
 17629 | IceCv    | Gained mutation: You are robust. (+10% HP) [potion of mutation]
 17629 | IceCv    | Gained mutation: Your magical capacity is low. (-10% MP) [potion of mutation]
 17629 | IceCv    | Gained mutation: You possess an exceptional clarity of mind. [potion of mutation]
 17629 | IceCv    | Gained mutation: You evolve. [potion of mutation]
 17912 | Lair:4   | Found a staircase to the Shoals.
 18304 | Lair:4   | Paralysed by a hornet for 3 turns
 18691 | Lair:5   | Reached ****** piety under Trog
 18848 | Lair:5   | Noticed an entropy weaver
 18849 | Lair:5   | Noticed an entropy weaver
 18863 | Lair:5   | Killed an entropy weaver
 18866 | Lair:5   | Received a gift from Trog
 18899 | Lair:5   | Killed an entropy weaver
 18935 | Lair:5   | Reached XP level 15. HP: 137/160 MP: 7/7
 19181 | Lair:5   | Lost mutation: Your magical capacity is low. (-10% MP) [evolution]
 19498 | Lair:6   | Entered Level 6 of the Lair of Beasts
 19808 | Lair:6   | Noticed a thorn hunter
 19808 | Lair:6   | an oklob plant changed into a thorn hunter
 19830 | Lair:6   | Killed a thorn hunter
 19876 | Lair:6   | Found a staircase to the Slime Pits.
 20020 | Lair:6   | Received a gift from Trog
 20467 | Lair:6   | Got an encrusted morningstar
 20468 | Lair:6   | Identified the cursed +1 morningstar "Beetleslayer" {flame, Str+8} (You found it on level 6 of the Lair of Beasts)
 21073 | D:7      | Bought a runed helmet for 202 gold pieces
 21092 | D:7      | Bought a pair of glowing gloves for 202 gold pieces
 21196 | D:5      | Bought an uncursed ring of resist corrosion for 260 gold pieces
 21378 | Snake:1  | Entered Level 1 of the Snake Pit
 21448 | Snake:1  | Reached skill level 12 in Armour
 21657 | Snake:1  | Received a gift from Trog
 22361 | Snake:2  | Reached skill level 13 in Armour
 22372 | Snake:2  | Found Onat's Gadget Emporium.
 22379 | Snake:2  | Reached XP level 16. HP: 172/172 MP: 11/11
 22381 | Snake:2  | Noticed Nikola
 22395 | Snake:2  | Killed Nikola
 22396 | Snake:2  | Found Aheuve's Jewellery Boutique.
 22400 | Snake:2  | Found Totsua's Gadget Emporium.
 22485 | Snake:2  | Bought the ring "Caeg" {*Slow MR+ Int+4 Slay+3} for 521 gold pieces
 22633 | Snake:2  | Reached skill level 14 in Armour
 22662 | Snake:2  | Received a gift from Trog
 22688 | Snake:2  | Identified Cyumoi Mime's Handbook of Glacial Combat Magic
 22844 | Snake:2  | Found a basalt altar of Yredelemnul.
 22911 | Snake:2  | Gained mutation: Your flesh is cold resistant. (rC+) [evolution]
 23648 | Snake:3  | Reached skill level 15 in Armour
 23970 | Snake:3  | Received a gift from Trog
 24846 | Snake:4  | Entered Level 4 of the Snake Pit
 24986 | Snake:4  | Reached XP level 17. HP: 166/180 MP: 8/8
 25103 | Snake:4  | Reached skill level 15 in Dodging
 25109 | Snake:4  | Reached skill level 16 in Armour
 25205 | Snake:4  | Received a gift from Trog
 25260 | Snake:4  | HP: 8/180 [nagaraja/whip (10)]
 26121 | Snake:4  | Got a serpentine rune of Zot
 26480 | Orc:1    | Entered Level 1 of the Orcish Mines
 26480 | Orc:1    | Noticed Snorg
 26489 | Orc:1    | Killed Snorg
 26819 | Orc:2    | Entered Level 2 of the Orcish Mines
 26819 | Orc:2    | Noticed Maurice
 26830 | Orc:2    | Killed Maurice
 26842 | Orc:2    | Received a gift from Trog
 26931 | Orc:2    | Found a staircase to the Elven Halls.
 26953 | Orc:2    | Received a gift from Trog
 27223 | Orc:2    | Found Baefyb Yluurr's Gadget Shop.
 27223 | Orc:2    | Found Leurros's Weapon Boutique.
 27223 | Orc:2    | Found Toutisis's Book Shop.
 27227 | Orc:2    | Found Leza's Jewellery Boutique.
 27473 | Elf:1    | Entered Level 1 of the Elven Halls
 27553 | Elf:1    | Received a gift from Trog
 27703 | Elf:1    | Gained mutation: You passively map a large area around you. [Deep Dwarf growth]
 27703 | Elf:1    | Reached XP level 18. HP: 177/194 MP: 4/4
 27735 | Elf:1    | Reached skill level 15 in Fighting
 27832 | Elf:1    | Found Puuvvat's Antique Weapon Emporium.
 28485 | Elf:2    | Gained mutation: Your muscles are strong. (Str +2) [evolution]
 28582 | Elf:2    | Noticed Roxanne
 28622 | Elf:2    | Received a gift from Trog
 28665 | Elf:2    | Killed Roxanne
 28666 | Elf:2    | Identified Roxanne's Incunabulum of Earth (You took it off Roxanne on level 2 of the Elven Halls)
 29094 | Elf:2    | Found a large runed door.
 29094 | Elf:2    | Found a large runed door.
 29125 | Elf:2    | Found a large runed door.
 29125 | Elf:2    | Found a large runed door.
 29828 | Elf:3    | Entered Level 3 of the Elven Halls
 29948 | Elf:3    | Received a gift from Trog
 30179 | Elf:3    | Noticed lordive's ghost (adept MiGl)
 30210 | Elf:3    | Killed lordive's ghost
 30408 | Elf:3    | Reached skill level 17 in Armour
 31021 | Elf:3    | Reached XP level 19. HP: 204/209 MP: 1/1
 31464 | Elf:3    | Reached skill level 18 in Armour
 31991 | Elf:3    | Got a twitching ivory ring
 32198 | Vaults:1 | Entered Level 1 of the Vaults
 32654 | Vaults:1 | Gained mutation: You have very sharp teeth. [evolution]
 33133 | Vaults:1 | Received a gift from Trog
 33737 | Vaults:1 | Reached skill level 19 in Armour
 33897 | Vaults:1 | Slain by a white very ugly thing

Vault maps used:
D:1:      arrival_aquarium_a
D:3:      uniq_robin, uniq_natasha, uniq_grinder
D:4:      lemuel_doored_altar, temple_hall, nemelex_xobeh_ov_fountains_minmay,
          uniq_duvessa
D:5:      fedhas_altar_fruit_tree, first_bread, basic_altar, serial_shops, shop,
          grunt_ministairs_12
D:6:      serial_shops, shop, minmay_misc_feat_tower, uniq_blork_the_orc,
          uniq_crazy_yiuf_cottage
D:7:      serial_shops, kennysheep_little_box, kennysheep_mini, shop,
          nicolae_shop_waterfront, grunt_ogre_cave
D:8:      minmay_overflow_temple_star_hex
D:9:      lair_entry_dummy, uniq_prince_ribbit1
D:10:     lightli_wizard_tower, uniq_fannar
D:11:     serial_shops, shop
D:12:     david_orc_5
D:13:     david_vaults_5, serial_shops, shop, uniq_erolcha, uniq_kirke
D:14:     kennysheep_small_spiral, minmay_sticks_and_stones
D:15:     grunt_enter_depths_magical_seal, corexii_leaking_fountain, uniq_nessos
Lair:1:   grunt_megastairs_3, minmay_lair_oklob_chamber
Lair:2:   wad_woods_structure_01
Lair:4:   elwin_shoals_entry_stream, portal_ice_cave_entry_imps,
          minmay_lair_oklob_items
Lair:5:   minmay_another_anthill
Lair:6:   gammafunk_lair_ancient_temple, minmay_slime_entry_oklob_open,
          minivault_24, minmay_lair_drake_nest
Snake:2:  basic_altar, spider_trap, st_stairs_10,
          hangedman_snake_corridor_split, minmay_shop_grove, uniq_nikola
Snake:4:  snake_pit, grunt_ministairs_15, serial_bayou_lagoon_b
Orc:1:    special_room, abandoned_shop, uniq_snorg
Orc:2:    st_orc_mages, uniq_maurice
Elf:1:    eino_elf_arrival_the_gate, serial_shops, nicolae_shop_statue_plus,
          serial_sigils, serial_sigils_hangedman_clutch,
          serial_sigils_hangedman_quiver, serial_sigils_hangedman_gut,
          serial_sigils_hangedman_gnaw, serial_sigils_hangedman_snap,
          serial_sigils_hangedman_shear
Elf:2:    uniq_roxanne
Elf:3:    minmay_elf_hall
Vaults:1: nicolae_vaults_windows_and_doors_thing, nicolae_vaults_hallways_thing,
          nicolae_vaults_puzzle_piece, grunt_vaults_focal, vaults_room_hallway,
          nicolae_vaults_sealed_display, vaults_room_large_hall, v_misc_33,
          hangedman_vaults_stream, v_alt_pattern_5, vaults_dpeg_spiral,
          vaults_room_semicircle
IceCv:    ice_cave_small_demon

Skill      XL: |  1  2  3  4  5  6  7  8  9 10 11 12 13 14 15 16 17 18 19 |
---------------+----------------------------------------------------------+-----
Fighting       | 3 4 5 7 9 10 11 12 13 14 16 18 | 18.0
Axes           | 4 6 7 8 10 11 14 17 18 | 18.0
Armour         | 5 6 9 11 13 15 16 17 19 | 19.0
Dodging        | 7 10 11 12 14 16 17 | 17.3
Evocations     | 7 10 11 12 | 12.3
Throwing       | |  0.6
Unarmed Combat | |  0.5

Action                   |  1- 3 |  4- 6 |  7- 9 | 10-12 | 13-15 | 16-18 | 19-21 || total
-------------------------+-------+-------+-------+-------+-------+-------+-------++-------
Melee: Hand axe          |    86 |   188 |   458 |    85 |       |       |       ||   817
       Unarmed           |       |     7 |       |       |       |       |       ||     7
       Broad axe         |       |       |       |   488 |   930 |  1160 |   316 ||  2894
       Punch             |       |       |       |     2 |     1 |     4 |     1 ||     8
       War axe           |       |       |       |       |   100 |       |       ||   100
       Bite              |       |       |       |       |       |       |    32 ||    32
Throw: Javelin           |       |     9 |    18 |     7 |    12 |     2 |       ||    48
Invok: Berserk           |     1 |     1 |     4 |     3 |     4 |     3 |       ||    16
       Trog's Hand       |       |     4 |     8 |     9 |    14 |    43 |    18 ||    96
       Burn Spellbooks   |       |     1 |     1 |     1 |     3 |     3 |     2 ||    11
       Brothers in Arms  |       |       |       |       |     1 |     2 |       ||     3
 Abil: Heal Wounds       |       |     1 |    12 |    15 |    41 |    44 |     5 ||   118
       Blink             |       |       |     2 |       |       |       |       ||     2
Evoke: Wand              |       |       |     2 |     9 |    27 |     4 |       ||    42
       Lamp of fire      |       |       |       |       |       |     1 |       ||     1
       Phial of floods   |       |       |       |       |       |     1 |       ||     1
       Phantom mirror    |       |       |       |       |       |     1 |       ||     1
       Sack of spiders   |       |       |       |       |       |     1 |       ||     1
  Use: Scroll            |     5 |     3 |     5 |    16 |    22 |     9 |     3 ||    63
       Potion            |     4 |     2 |     3 |     1 |    11 |     9 |     1 ||    31
 Stab: Sleeping          |     1 |       |     2 |       |       |       |       ||     3
  Eat: Chunk             |     1 |     6 |    15 |    19 |     6 |     2 |     2 ||    51
       Fruit             |       |       |     2 |     1 |     3 |     2 |     2 ||    10
       Royal jelly       |       |       |     1 |       |     2 |     2 |     4 ||     9
       Bread ration      |       |       |     1 |     2 |     7 |     6 |       ||    16
       Meat ration       |       |       |       |       |       |     3 |     1 ||     4
Armor: Animal skin       |    44 |    49 |    38 |       |       |       |       ||   131
       Robe              |       |       |    28 |    29 |       |       |       ||    57
       Scale mail        |       |       |       |    44 |       |       |       ||    44
       Chain mail        |       |       |       |    57 |    60 |       |       ||   117
       Fire dragon scale |       |       |       |       |   249 |   389 |    85 ||   723
       Plate armour      |       |       |       |       |    30 |       |       ||    30
Dodge: Dodged            |    87 |   114 |   244 |   468 |   936 |  1024 |   227 ||  3100
       Deflected         |       |       |       |    14 |    34 |   127 |    30 ||   205
